BR (22 & UNDER)
GRAND RAPIDS DUTCH OVENS @ YELLOWKNIFE CLAWS
07/18/2028
 
TOP OF THE 1ST
Grand Rapids Dutch Ovens batting - Pitching for Yellowknife Claws : RHP Daniel Monares
Pitching: RHP Daniel Monares
Batting: SHB Joe Emery 0-0: Foul Ball, location: 2F
0-1: Ball
1-1: Fly out, F9 (Flyball, 9LM)
Batting: RHB António Aguilera 0-0: Fly out, F8 (Flyball, 8LD)
Batting: LHB Brad Fuller 0-0: Called Strike
0-1: Ground out 6-3 (Groundball, 6M)
Top of the 1st over - 0 run(s), 0 hit(s), 0 error(s), 0 left on base; Grand Rapids 0 - Yellowknife 0
BOTTOM OF THE 1ST
Yellowknife Claws batting - Pitching for Grand Rapids Dutch Ovens : RHP Ramiro Vargas
Pitching: RHP Ramiro Vargas
Batting: RHB Sergio Ortíz 0-0: SINGLE (Groundball, 34D)
Batting: RHB Preston Church 0-0: Ball
1-0: Fly out, F8 (Flyball, 89S)
Batting: RHB Rubén Palma 0-0: Ball
1-0: Ball
2-0: Foul Ball, location: 2F
2-1: Called Strike
2-2: Fielders Choice at 2nd, 5-4 (Groundball, 56)
Batting: SHB Armondo Goro 0-0: Called Strike
0-1: Ball
1-1: SINGLE (Line Drive, 34)
Rubén Palma to second
Batting: RHB Carlos Uribe 0-0: SINGLE (Groundball, 6MD)
Rubén Palma to third
Armondo Goro to second
Runner from 3rd tries for Home, SAFE, throw made at trailing runner, OUT at third!
Bottom of the 1st over - 1 run(s), 3 hit(s), 0 error(s), 1 left on base; Grand Rapids 0 - Yellowknife 1
TOP OF THE 2ND
Grand Rapids Dutch Ovens batting - Pitching for Yellowknife Claws : RHP Daniel Monares
Batting: RHB Phil Poole 0-0: Ball
1-0: Ball
2-0: Called Strike
2-1: Ground out 4-3 (Groundball, 4)
Batting: RHB Ray Bray 0-0: Called Strike
0-1: Called Strike
0-2: Ball
1-2: Strikes out swinging
Batting: RHB William Todd 0-0: Foul Ball, location: 2F
0-1: Swinging Strike
0-2: Ball
1-2: Ball
2-2: Strikes out swinging
Top of the 2nd over - 0 run(s), 0 hit(s), 0 error(s), 0 left on base; Grand Rapids 0 - Yellowknife 1
BOTTOM OF THE 2ND
Yellowknife Claws batting - Pitching for Grand Rapids Dutch Ovens : RHP Ramiro Vargas
Batting: RHB Noah Sturges 0-0: Called Strike
0-1: Ball
1-1: Ball
2-1: DOUBLE (Line Drive, 78M)
Batting: RHB Mario Díaz 0-0: Ball
1-0: Ball
2-0: Called Strike
2-1: Ball
3-1: Base on Balls
Batting: RHB Bob Bishop 0-0: Called Strike
0-1: Ball
1-1: Swinging Strike
1-2: Foul Ball, location: 2F
1-2: Strikes out looking
Batting: RHB Jeff Benson 0-0: Called Strike
0-1: Foul Ball, location: 2F
0-2: Ball
1-2: Strikes out swinging
Batting: RHB Sergio Ortíz 0-0: Ball
1-0: Swinging Strike
1-1: Fielders Choice at 2nd, 6-4 (Groundball, 6)
Bottom of the 2nd over - 0 run(s), 1 hit(s), 0 error(s), 1 left on base; Grand Rapids 0 - Yellowknife 1
TOP OF THE 3RD
Grand Rapids Dutch Ovens batting - Pitching for Yellowknife Claws : RHP Daniel Monares
Batting: LHB James Gibbons 0-0: Called Strike
0-1: Ball
1-1: Fly out, F8 (Flyball, 8LD)
Batting: RHB Ismael Mojica 0-0: Ball
1-0: Called Strike
1-1: Ball
2-1: Called Strike
2-2: Ball
3-2: Foul Ball, location: 2F
3-2: Base on Balls
Batting: LHB Abel Wheeler 0-0: Foul Ball, location: 2F
0-1: Ball
1-1: SINGLE (Groundball, 34D)
Ismael Mojica to second
Runner from 2nd tries for 3rd, SAFE, throw made to third
Batting: SHB Joe Emery 0-0: Called Strike
0-1: Ball
1-1: Fly out, F7 (Line Drive, 7)
Runner from 3rd tags up, SCORES, no throw
Batting: RHB António Aguilera 0-0: Called Strike
0-1: Ball
1-1: Ball
2-1: DOUBLE (Line Drive, 3D)
Abel Wheeler to third
Runner from 3rd tries for Home, SAFE, no throw
Batting: LHB Brad Fuller 0-0: Ball
1-0: Swinging Strike
1-1: Ball
2-1: Foul Ball, location: 2F
2-2: Foul Ball, location: 2F
2-2: Foul Ball, location: 2F
2-2: Strikes out looking
Top of the 3rd over - 2 run(s), 2 hit(s), 0 error(s), 1 left on base; Grand Rapids 2 - Yellowknife 1
BOTTOM OF THE 3RD
Yellowknife Claws batting - Pitching for Grand Rapids Dutch Ovens : RHP Ramiro Vargas
Batting: RHB Preston Church 0-0: Called Strike
0-1: Ball
1-1: Foul Ball, location: 2F
1-2: Ball
2-2: DOUBLE (Line Drive, 9LS)
Batting: RHB Rubén Palma 0-0: Called Strike
0-1: Ground out 5-3 (Groundball, 56)
Batting: SHB Armondo Goro 0-0: SINGLE (Groundball, 34D)
Preston Church to third
Batting: RHB Carlos Uribe 0-0: Fly out, F8 (Flyball, 8LM)
Runner from 3rd tags up, SCORES, throw made
Batting: RHB Noah Sturges 0-0: SINGLE (Groundball, 4MD)
Armondo Goro to second
Runner from 2nd tries for 3rd, SAFE, no throw
Batting: RHB Mario Díaz 0-0: Called Strike
0-1: Ball
1-1: Swinging Strike
1-2: Fly out, F8 (Flyball, 8RM)
Bottom of the 3rd over - 1 run(s), 3 hit(s), 0 error(s), 2 left on base; Grand Rapids 2 - Yellowknife 2
TOP OF THE 4TH
Grand Rapids Dutch Ovens batting - Pitching for Yellowknife Claws : RHP Daniel Monares
Batting: RHB Phil Poole 0-0: Foul Ball, location: 2F
0-1: Ball
1-1: Ball
2-1: SINGLE (Groundball, 6MD)
Batting: RHB Ray Bray 0-0: Called Strike
0-1: Ball
1-1: Ball
2-1: Swinging Strike
2-2: Fielders Choice at 2nd, 6-4 (Groundball, 6)
Batting: RHB William Todd 0-0: Ball
1-0: Called Strike
1-1: Foul Ball, location: 2F
1-2: Ball
2-2: Fly out, F5 (Popup, 5L)
Batting: LHB James Gibbons 0-0: Ground out 6-3 (Groundball, 6MS)
Top of the 4th over - 0 run(s), 1 hit(s), 0 error(s), 1 left on base; Grand Rapids 2 - Yellowknife 2
BOTTOM OF THE 4TH
Yellowknife Claws batting - Pitching for Grand Rapids Dutch Ovens : RHP Ramiro Vargas
Batting: RHB Bob Bishop 0-0: Ball
1-0: Called Strike
1-1: Fly out, F5 (Popup, 5D)
Batting: RHB Jeff Benson 0-0: Called Strike
0-1: Ground out 1-3 (Groundball, 13)
Batting: RHB Sergio Ortíz 0-0: Ball
1-0: Foul Ball, location: 2F
1-1: Foul Ball, location: 2F
1-2: Strikes out swinging, 2-3 out at first.
Bottom of the 4th over - 0 run(s), 0 hit(s), 0 error(s), 0 left on base; Grand Rapids 2 - Yellowknife 2
TOP OF THE 5TH
Grand Rapids Dutch Ovens batting - Pitching for Yellowknife Claws : RHP Daniel Monares
Batting: RHB Ismael Mojica 0-0: Foul Ball, location: 2F
0-1: Ball
1-1: Fly out, F8 (Flyball, 8RM)
Batting: LHB Abel Wheeler 0-0: Foul Ball, location: 2F
0-1: Ball
1-1: Called Strike
1-2: Foul Ball, location: 2F
1-2: Ball
2-2: Ball
3-2: Strikes out swinging
Batting: SHB Joe Emery 0-0: Called Strike
0-1: Ground out U3 (Groundball, 34)
Top of the 5th over - 0 run(s), 0 hit(s), 0 error(s), 0 left on base; Grand Rapids 2 - Yellowknife 2
BOTTOM OF THE 5TH
Yellowknife Claws batting - Pitching for Grand Rapids Dutch Ovens : RHP Ramiro Vargas
Batting: RHB Preston Church 0-0: Swinging Strike
0-1: Ball
1-1: Called Strike
1-2: Strikes out swinging
Batting: RHB Rubén Palma 0-0: Ball
1-0: Fly out, F7 (Flyball, 7)
Batting: SHB Armondo Goro 0-0: Ball
1-0: Ball
2-0: Swinging Strike
2-1: Foul Ball, location: 2F
2-2: Strikes out swinging
Bottom of the 5th over - 0 run(s), 0 hit(s), 0 error(s), 0 left on base; Grand Rapids 2 - Yellowknife 2
TOP OF THE 6TH
Grand Rapids Dutch Ovens batting - Pitching for Yellowknife Claws : RHP Daniel Monares
Batting: RHB António Aguilera 0-0: Ground out 6-3 (Groundball, 6)
Batting: LHB Brad Fuller 0-0: Ground out 4-3 (Groundball, 4)
Batting: RHB Phil Poole 0-0: Ball
1-0: Ball
2-0: Swinging Strike
2-1: Swinging Strike
2-2: Ball
3-2: Strikes out swinging
Top of the 6th over - 0 run(s), 0 hit(s), 0 error(s), 0 left on base; Grand Rapids 2 - Yellowknife 2
BOTTOM OF THE 6TH
Yellowknife Claws batting - Pitching for Grand Rapids Dutch Ovens : RHP Ramiro Vargas
Batting: RHB Carlos Uribe 0-0: Called Strike
0-1: Foul Ball, location: 2F
0-2: Ground out 5-3 (Groundball, 5S)
Batting: RHB Noah Sturges 0-0: Ball
1-0: Swinging Strike
1-1: SINGLE (Line Drive, 3D)
Batting: RHB Mario Díaz 0-0: Called Strike
0-1: Swinging Strike
0-2: Ball
1-2: Foul Ball, location: 2F
1-2: Fly out, F3 (Line Drive, 34S)
Lined into DP, U3 (Line Drive, 34S)
Bottom of the 6th over - 0 run(s), 1 hit(s), 0 error(s), 0 left on base; Grand Rapids 2 - Yellowknife 2
TOP OF THE 7TH
Grand Rapids Dutch Ovens batting - Pitching for Yellowknife Claws : RHP Daniel Monares
Pitching: LHP Luis Barrera
Pinch Hitting: RHB Wosene Garane 0-0: Swinging Strike
0-1: Ball
1-1: Ball
2-1: Swinging Strike
2-2: Foul Ball, location: 2F
2-2: Strikes out looking
Pinch Hitting: RHB Gustavo López 0-0: Ball
1-0: Called Strike
1-1: Fly out, F8 (Flyball, 8LM)
Batting: LHB James Gibbons 0-0: Swinging Strike
0-1: Ball
1-1: Foul Ball, location: 2F
1-2: Ball
2-2: Ball
3-2: Strikes out looking
Top of the 7th over - 0 run(s), 0 hit(s), 0 error(s), 0 left on base; Grand Rapids 2 - Yellowknife 2
BOTTOM OF THE 7TH
Yellowknife Claws batting - Pitching for Grand Rapids Dutch Ovens : RHP Ramiro Vargas
Now at 1B: Wosene Garane
Now at 3B: Gustavo López
Batting: RHB Bob Bishop 0-0: Called Strike
0-1: Ball
1-1: SINGLE (Groundball, 56D)
Pitching: LHP Sancho Espinoza
Pinch Hitting: SHB Júlio Ayala 0-0: Ball
1-0: Called Strike
1-1: Ball
2-1: Ball
3-1: Bunted foul
3-2: Fly out, F8 (Flyball, 78M)
Batting: RHB Sergio Ortíz 0-0: Swinging Strike
0-1: Foul Ball, location: 2F
0-2: Ball
1-2: Foul Ball, location: 2F
1-2: Hit by Pitch
Bob Bishop to second
Batting: RHB Preston Church 0-0: Ball
1-0: Fly out, F8 (Flyball, 8RM)
Batting: RHB Rubén Palma 0-0: Foul Ball, location: 2F
0-1: Ball
1-1: Foul Ball, location: 2F
1-2: Strikes out swinging
Bottom of the 7th over - 0 run(s), 1 hit(s), 0 error(s), 2 left on base; Grand Rapids 2 - Yellowknife 2
TOP OF THE 8TH
Grand Rapids Dutch Ovens batting - Pitching for Yellowknife Claws : LHP Luis Barrera
Now in LF: Gerardo Andrade
Batting: RHB Ismael Mojica 0-0: Ball
1-0: Called Strike
1-1: Ball
2-1: Foul Ball, location: 2F
2-2: Ball
3-2: Foul Ball, location: 2F
3-2: Strikes out swinging
Batting: LHB Abel Wheeler 0-0: Ball
1-0: Ball
2-0: Ball
3-0: Base on Balls
Batting: SHB Joe Emery 0-0: Ball
1-0: Swinging Strike
1-1: Called Strike
1-2: Ground out U3 (Groundball, 23)
Abel Wheeler to second
Batting: RHB António Aguilera 0-0: Ball
1-0: Swinging Strike
1-1: SINGLE (Line Drive, 4MD)
Abel Wheeler to third
Runner from 3rd tries for Home, SAFE, no throw
Pinch Hitting: RHB Alex Hampton 0-0: Called Strike
0-1: Ball
1-1: Ball
2-1: Ball
3-1: Base on Balls
António Aguilera to second
Pinch Hitting: RHB Bobby Hendricks 0-0: Ball
1-0: Ground out 5-3 (Groundball, 56S)
Top of the 8th over - 1 run(s), 1 hit(s), 0 error(s), 2 left on base; Grand Rapids 3 - Yellowknife 2
BOTTOM OF THE 8TH
Yellowknife Claws batting - Pitching for Grand Rapids Dutch Ovens : LHP Sancho Espinoza
Now at 1B: Bobby Hendricks
Now at SS: Ralph Blackburn
Batting: SHB Armondo Goro 0-0: Called Strike
0-1: Foul Ball, location: 2F
0-2: Ball
1-2: Foul Ball, location: 2F
1-2: Foul Ball, location: 2F
1-2: Foul Ball, location: 2F
1-2: Ball
2-2: SINGLE (Line Drive, 78S)
Batting: RHB Carlos Uribe 0-0: Ball
1-0: Swinging Strike
1-1: Swinging Strike
1-2: Strikes out swinging
Batting: RHB Noah Sturges 0-0: SINGLE (Groundball, 56D)
Armondo Goro to second
Pinch Hitting: RHB Vito Bond 0-0: Foul Ball, location: 2F
0-1: Ball
1-1: Foul Ball, location: 2F
1-2: Ball
2-2: Fly out, F8 (Flyball, 8RM)
Pitching: RHP Jacob Edwards
Batting: RHB Bob Bishop 0-0: Foul Ball, location: 2F
0-1: Foul Ball, location: 2F
0-2: Strikes out swinging
Bottom of the 8th over - 0 run(s), 2 hit(s), 0 error(s), 2 left on base; Grand Rapids 3 - Yellowknife 2
TOP OF THE 9TH
Grand Rapids Dutch Ovens batting - Pitching for Yellowknife Claws : LHP Luis Barrera
Now at 1B: Vito Bond
Batting: RHB Wosene Garane 0-0: TRIPLE (Line Drive, 8RD)
Batting: RHB Gustavo López 0-0: Ball
1-0: Called Strike
1-1: Foul Ball, location: 2F
1-2: Ball
2-2: Foul Ball, location: 2F
2-2: Foul Ball, location: 2F
2-2: Strikes out swinging
Pitching: RHP Jason Willis
Pinch Hitting: SHB Karl Webster 0-0: Ball
Passed Ball!
Wosene Garane scores
1-0: Ball
2-0: Called Strike
2-1: Swinging Strike
2-2: Foul Ball, location: 2F
2-2: Strikes out looking
Batting: RHB Ismael Mojica 0-0: Ball
1-0: Ball
2-0: Foul Ball, location: 2F
2-1: Foul Ball, location: 2F
2-2: SINGLE (Flyball, 78S)
Batting: LHB Abel Wheeler 0-0: Ball
1-0: Ball
2-0: Ball
3-0: Base on Balls
Ismael Mojica to second
Batting: SHB Joe Emery 0-0: Called Strike
0-1: SINGLE (Flyball, 8LS)
Ismael Mojica to third
Abel Wheeler to second
Runner from 3rd tries for Home, SAFE, no throw
Batting: RHB António Aguilera 0-0: Called Strike
0-1: Fly out, F7 (Flyball, 7)
Top of the 9th over - 2 run(s), 3 hit(s), 0 error(s), 2 left on base; Grand Rapids 5 - Yellowknife 2
BOTTOM OF THE 9TH
Yellowknife Claws batting - Pitching for Grand Rapids Dutch Ovens : RHP Jacob Edwards
Now at SS: Karl Webster
Batting: RHB Gerardo Andrade 0-0: Fly out, F6 (Popup, 6D)
Batting: RHB Sergio Ortíz 0-0: Called Strike
0-1: Ball
1-1: Foul Ball, location: 2F
1-2: Ball
2-2: Strikes out swinging
Batting: RHB Preston Church 0-0: Swinging Strike
0-1: Foul Ball, location: 2F
0-2: Ball
1-2: Ball
2-2: Strikes out swinging
Bottom of the 9th over - 0 run(s), 0 hit(s), 0 error(s), 0 left on base; Grand Rapids 5 - Yellowknife 2
Tuesday, August 8th, 2017 - OOTP Baseball 17.12 Build 75